Map: Kairos Junction LE

Players

Lambo - Winner!

  • Race: Zerg Zerg
  • League: Grandmaster
  • Spawn Location: 11:00

KITor

  • Race: Zerg Zerg
  • League: Grandmaster
  • Spawn Location: 5:00

VOD

Have the link to the VOD?

Description

Time

  • Played on: Dec. 16, 2018, 10:42 a.m.
  • Length: 9:59
Show
View Real Time Build Order
Export as new Build Order

Lambo Zerg - Winner!

Build Orders: Pool First 

Get SALT Encoding   

  12  0:17  Spawning Pool  
  11  0:21  Drone  
  11  0:26  Drone  
  13  0:30  Drone  
  14  0:40  Overlord  
  14  1:03  Zergling x4  
  16  1:04  Zergling x2  
  17  1:15  Zergling x2  
  18  1:19  Hatchery  
  17  1:27  Zergling x2  
  18  1:33  Queen  
  18  1:39  Drone  
  21  1:50  Overlord  
  21  2:00  Drone  
  22  2:08  Queen  
  22  2:13  Drone  
  25  2:20  Drone  
  26  2:32  Drone x2  
  27  2:38  Queen  
  27  2:43  Drone x2  
  31  2:50  Queen  
  32  2:52  Drone  
  32  3:00  Drone  
  32  3:04  Zergling x4  
  32  3:05  Overlord  
  33  3:09  Drone  
  34  3:13  Drone  
  34  3:17  Drone  
  36  3:29  Overlord  
  36  3:30  Drone  
  36  3:31  Overlord, Extractor  
  36  3:32  Extractor  
  35  3:36  Drone x3  
  38  3:45  Drone x3  
  38  3:46  Drone  
  42  3:50  Overlord  
  42  3:56  Drone  
  42  4:02  Drone  
  43  4:05  Drone  
  43  4:07  Evolution Chamber  
  43  4:08  Drone x2  
  43  4:09  Drone  
  45  4:10  Roach Warren  
  45  4:14  Extractor, Drone  
  45  4:16  Drone  
  45  4:18  Drone x3  
  45  4:23  Drone  
  49  4:33  Hatchery  
  49  4:36  Zerg Missile Weapons Level 1  
  48  4:40  Drone  
  48  4:43  Lair  
  49  4:47  Drone x2  
  51  4:56  Overlord  
  51  5:06  Overlord  
  51  5:09  Extractor  
  51  5:13  Drone x2  
  51  5:14  Drone x2  
  53  5:15  Evolution Chamber  
  53  5:16  Roach x4  
  61  5:25  Drone x4  
  65  5:29  Roach  
  65  5:33  Roach  
  69  5:39  Roach  
  71  5:46  Glial Reconstitution  
  71  5:47  Zerg Ground Armor Level 1  
  71  5:49  Roach x2  
  79  5:50  Roach x2, Overlord  
  79  5:54  Roach  
  81  5:57  Overlord  
  81  6:03  Overlord  
  81  6:05  Overseer  
  81  6:08  Overlord  
  81  6:11  Overlord x2  
  81  6:13  Overlord  
  81  6:14  Overlord  
  81  6:17  Roach  
  83  6:19  Overlord  
  85  6:28  Roach x2  
  89  6:38  Roach x2  
  89  6:39  Roach x2  
  91  6:40  Roach, Zerg Missile Weapons Level 2  
  86  6:47  Roach  
  86  6:48  Roach x3  
  86  6:51  Roach x2  
  86  6:52  Ravager x2  
  94  6:56  Roach  
  94  6:57  Roach  
  94  7:00  Ravager  
  94  7:01  Roach x2  
  97  7:09  Roach  
  97  7:10  Roach x2  
  101  7:24  Hatchery  
  101  7:29  Roach x4  
  108  7:32  Burrow  
  108  7:37  Tunneling Claws  
  108  7:51  Roach x7  
  108  7:53  Overlord  
  108  7:55  Overseer  
  122  8:00  Roach  
  122  8:03  Roach x2  
  128  8:08  Roach x2  
  132  8:18  Overlord  
  132  8:19  Roach x2  
  136  8:24  Overlord  
  136  8:28  Overlord  
  136  8:33  Queen  
  138  8:36  Roach x3  
  144  8:41  Roach  
  144  8:42  Roach  
  148  8:49  Roach x3  
  154  8:56  Roach x3  
  154  9:01  Roach x4  
  160  9:04  Roach x3  
  166  9:14  Roach x4  
  170  9:23  Roach x3  
  170  9:27  Roach x4  
  170  9:30  Hydralisk Den  
  163  9:35  Overlord  
Show
View Real Time Build Order
Export as new Build Order

KITor Zerg 

Build Orders: Hatch First 

Get SALT Encoding   

  12  0:01  Drone  
  13  0:12  Overlord  
  13  0:18  Drone  
  14  0:32  Drone x2  
  17  0:35  Drone  
  17  0:52  Hatchery  
  17  0:55  Drone  
  17  0:59  Drone  
  18  1:08  Extractor  
  17  1:13  Spawning Pool  
  17  1:15  Drone  
  17  1:19  Drone  
  18  1:35  Drone  
  19  1:43  Overlord  
  19  2:01  Queen, Zergling x4  
  21  2:03  Queen  
  21  2:04  Zergling x2  
  24  2:24  Zergling x2  
  23  2:43  Metabolic Boost  
  23  2:45  Drone  
  23  2:49  Drone  
  24  2:56  Drone x2  
  24  3:01  Drone  
  24  3:05  Drone  
  26  3:11  Drone x2  
  28  3:15  Drone  
  28  3:17  Drone  
  30  3:22  Drone  
  30  3:23  Drone  
  32  3:29  Zergling x4  
  34  3:38  Overlord  
  34  3:39  Drone x2  
  35  3:53  Hatchery  
  33  3:57  Overlord  
  33  3:59  Drone  
  33  4:01  Drone  
  33  4:02  Drone  
  35  4:10  Evolution Chamber  
  35  4:11  Drone  
  35  4:17  Drone x2  
  35  4:18  Drone x3  
  35  4:20  Drone  
  41  4:25  Overlord  
  41  4:28  Queen  
  43  4:42  Queen  
  43  4:43  Zerg Melee Weapons Level 1  
  43  4:44  Zergling x4  
  43  4:45  Zergling x4  
  49  4:48  Zergling x4  
  51  5:01  Overlord  
  51  5:04  Overlord, Zergling x4  
  53  5:07  Zergling x2  
  53  5:08  Zergling x2  
  53  5:10  Zergling x2  
  53  5:13  Queen  
  57  5:19  Queen, Overlord  
  57  5:20  Zergling x4  
  61  5:27  Zergling x2  
  62  5:30  Zergling x2  
  62  5:33  Zergling x2  
  64  5:39  Zergling x4  
  64  5:42  Zergling x2  
  67  5:45  Zergling x2  
  67  5:48  Zergling x6  
  67  5:49  Hatchery  
  71  5:50  Zergling x2  
  71  5:53  Overlord  
  71  5:57  Zergling x6  
  72  6:00  Zergling x2  
  72  6:01  Zergling x2  
  76  6:06  Zergling x2  
  76  6:10  Zergling x2  
  78  6:13  Zergling x2  
  79  6:19  Zergling x2  
  79  6:21  Zergling x2  
  79  6:22  Zergling x2  
  79  6:23  Zergling x4  
  84  6:27  Zergling x4  
  84  6:28  Zergling x4  
  84  6:31  Zergling x2  
  84  6:32  Zergling x2  
  83  6:33  Zergling x2  
  83  6:34  Lair  
  84  6:41  Zergling x2  
  84  6:43  Zergling x2  
  84  6:45  Zergling x2  
  82  6:51  Zergling x2  
  71  6:54  Zergling x2  
  71  6:55  Zergling x2  
  67  7:01  Zergling x2  
  67  7:03  Zergling x2  
  67  7:05  Zergling x4  
  67  7:08  Queen, Zergling x4  
  66  7:09  Queen  
  66  7:10  Zergling x2  
  66  7:12  Zergling x2  
  66  7:15  Spine Crawler, Zergling x6  
  68  7:16  Spine Crawler  
  66  7:23  Zergling x2  
  66  7:25  Zergling x2  
  66  7:28  Zergling x4  
  70  7:33  Drone  
  70  7:36  Spire  
  70  7:37  Drone x2, Zerg Melee Weapons Level 2  
  70  7:38  Drone  
  70  7:42  Extractor  
  70  7:43  Extractor  
  72  7:44  Extractor, Drone  
  72  7:47  Drone x2  
  72  7:50  Drone x2, Overseer  
  75  7:53  Drone  
  75  7:55  Drone  
  75  7:57  Drone x2  
  79  8:01  Drone x2  
  79  8:03  Drone  
  82  8:08  Drone x2  
  84  8:15  Drone x3  
  87  8:21  Overlord  
  87  8:23  Overlord  
  87  8:28  Overlord  
  87  8:30  Overlord  
  87  8:31  Drone  
  87  8:32  Drone x4  
  92  8:37  Zergling x6  
  92  8:41  Zergling x4  
  97  8:45  Overseer  
  94  8:54  Mutalisk  
  94  8:55  Mutalisk x3  
  98  8:56  Zergling x4  
  98  8:57  Zergling x2  
  98  9:01  Zergling x4  
  104  9:03  Zergling x2  
  104  9:04  Mutalisk  
  104  9:07  Mutalisk  
  108  9:16  Zergling x2  
  108  9:17  Zergling x2  
  88  9:18  Mutalisk  
  88  9:19  Zergling x4  
  88  9:23  Zergling x4  
  82  9:29  Zergling x4  
  71  9:34  Mutalisk  
Tags
 
Add a new tag
Caveats
  • Supply blocks, unpowered buildings, or Contaminate may cause inaccurate times.
  • Supply counts are checked every 10 seconds.